 Dungeon Crawl Stone Soup version 0.24-a0-493-g7e4ddcd485 (webtiles) character file.

Game seed: 1281982299110110212

217828 KristoblXynda the Carver (level 18, -3/157 HPs)
             Began as a Pale Draconian Gladiator on July 12, 2019.
             Was the Champion of Ashenzari.
             Killed from afar by a deep elf knight (36 damage)
             ... with a shard of ice
             ... on level 1 of the Vaults.
             The game lasted 01:37:08 (43057 turns).

KristoblXynda the Carver (DrGl)                    Turns: 43057, Time: 01:37:09

Health: -3/157     AC: 22    Str: 21    XL:     18   Next: 40%
Magic:  33/34      EV: 20    Int: 22    God:    Ashenzari [******]
Gold:   1401       SH: 12    Dex: 12    Spells: 21/42 levels left

rFire    + . .     SeeInvis +   v - +8 autumn katana {slice, Clar} (curse)
rCold    x . .     Gourm    .   D - +1 buckler "Xauss" {rN+ Int+2} (curse)
rNeg     + . .     Faith    .   (armour unavailable)
rPois    +         Spirit   .   E - +2 hat {SInv} (curse)
rElec    .         Reflect  +   G - +2 cloak (curse)
rCorr    .         Harm     .   b - +3 pair of gauntlets of War {Slay+5} (curse)
MR       +++++     Clarity  +   j - +2 pair of boots "Jataku" {rC- MR+++ Str+4 Int+3} (curse) Stlth ++++......Rnd*Tele +
                                R - amulet "Caomihef" {Reflect Slay+3 SH+4} (curse)
HPRegen  1.36/turn              S - ring "Aplits" {*Tele rF+ MR+ Slay+6} (curse)
MPRegen  0.24/turn              C - ring of poison resistance (curse)

@: flying, regenerating (expiring)
A: breathe steam, unfitting armour, big wings, claws 1, cold-blooded, subdued
magic 1, AC +10
}: 1/15 runes: gossamer
a: Breathe Steam, Stop Flying, Curse Item, Scrying, Transfer Knowledge, Renounce
Religion


You were on level 1 of the Vaults.
You worshipped Ashenzari.
Ashenzari was exalted by your worship.
You were not hungry.

You visited 7 branches of the dungeon, and saw 30 of its levels.
You visited 1 bazaar.
You also visited: Bailey, Gauntlet and Ice Cave.

You collected 3161 gold pieces.
You spent 1760 gold pieces at shops.

Inventory:

Hand Weapons
 v - the cursed +8 autumn katana (weapon) {slice, Clar}
   (You bought it in a shop on level 2 of the Orcish Mines)

   It inflicts extra damage upon your enemies.
   It protects you against confusion.
   It has a curse placed upon it.
Missiles
 c - 5 throwing nets (quivered)
Armour
 b - the cursed +3 pair of gauntlets of War (worn) {Slay+5}
   (You acquired it on level 8 of the Dungeon)

   It affects your accuracy and damage with ranged weapons and melee attacks
   (+5).
   It has a curse placed upon it.
 j - the cursed +2 pair of boots "Jataku" (worn) {rC- MR+++ Str+4 Int+3}
   (You bought it in a shop in a bazaar)

   It affects your strength (+4).
   It affects your intelligence (+3).
   It makes you vulnerable to cold.
   It affects your resistance to hostile enchantments.
   It has a curse placed upon it.
 D - the cursed +1 buckler "Xauss" (worn) {rN+ Int+2}
   (You found it on level 7 of the Dungeon)

   It affects your intelligence (+2).
   It protects you from negative energy.
   It has a curse placed upon it.
 E - a cursed +2 hat of see invisible (worn)
 G - a cursed +2 cloak (worn)
 M - a cursed scarf of resistance
Jewellery
 C - a cursed ring of poison resistance (right hand)
 R - the cursed amulet "Caomihef" (around neck) {Reflect Slay+3 SH+4}
   (You found it in a Gauntlet)

   [amulet of reflection]

   It shields you and reflects attacks.
   It affects your accuracy and damage with ranged weapons and melee attacks
   (+3).
   It affects your SH (+4).
   It has a curse placed upon it.
 S - the cursed ring "Aplits" (left hand) {*Tele rF+ MR+ Slay+6}
   (You took it off a minotaur in a Gauntlet)

   [ring of teleportation]

   It may teleport you next to monsters.
   It affects your accuracy and damage with ranged weapons and melee attacks
   (+6).
   It protects you from fire.
   It affects your resistance to hostile enchantments.
   It has a curse placed upon it.
Wands
 p - a wand of paralysis (19)
 u - a wand of clouds (6)
 H - a wand of disintegration (28)
Scrolls
 a - 4 scrolls of immolation
 e - 2 scrolls of enchant armour
 h - 11 scrolls of amnesia
 k - 10 scrolls of identify
 m - 4 scrolls of teleportation
 x - a scroll of remove curse
 y - 3 scrolls of magic mapping
 F - 6 scrolls of fog
 J - a scroll of blinking
 L - a scroll of silence
 N - 2 scrolls of fear
 O - 3 scrolls of enchant weapon
Potions
 g - 3 potions of resistance
 i - 7 potions of might
 l - 7 potions of ambrosia
 n - 5 potions of haste
 o - 6 potions of brilliance
 q - 3 potions of cancellation
 r - a potion of agility
 s - 4 potions of magic
 t - 2 potions of berserk rage
 z - 5 potions of invisibility
 K - 4 potions of curing
 Q - 3 potions of lignification
Miscellaneous
 f - a lightning rod (4/4)
 A - a lamp of fire
 B - a crystal ball of energy
 I - a fan of gales
Comestibles
 d - 23 rations
 w - 3 chunks of flesh


   Skills:
 + Level 13.2 Fighting
 - Level 14.0(18.0) Long Blades
 - Level 2.0 Throwing
 - Level 10.0(14.3) Dodging
 - Level 5.3(9.8) Stealth
 - Level 8.9(11.8) Shields
 + Level 12.7 Spellcasting
 + Level 12.0(16.2) Conjurations
 - Level 6.9(11.4) Hexes
 - Level 5.3(9.8) Charms
 + Level 5.1(9.6) Ice Magic
 - Level 4.0(8.2) Air Magic
 - Level 12.7(16.8) Evocations


You had 21 spell levels left.
You knew the following spells:

 Your Spells              Type           Power        Failure   Level  Hunger
a - Swiftness             Chrm/Air       #####...     1%          2    None
b - Lightning Bolt        Conj/Air       ######....   1%          5    ###....
c - Blink                 Tloc           N/A          4%          2    None
d - Tukima's Dance        Hex            #####...     1%          3    None
e - Regeneration          Chrm/Necr      ####......   1%          3    None
f - Freezing Cloud        Conj/Ice/Air   #####.....   5%          6    #####..

Your spell library contained the following spells:

 Spells                   Type           Power        Failure   Level  Hunger
 Magic Dart               Conj           ####         0%          1    None
 Shock                    Conj/Air       ####         0%          1    None
 Searing Ray              Conj           ######       0%          2    None
 Confusing Touch          Hex            #####.       1%          1    None
 Corona                   Hex            #####..      1%          1    None
 Infusion                 Chrm           ####         1%          1    None
 Ensorcelled Hibernation  Hex/Ice        #####.       1%          2    None
 Shroud of Golubria       Chrm/Tloc      ####..       1%          2    None
 Slow                     Hex            #####...     1%          2    None
 Song of Slaying          Chrm           #####...     1%          2    None
 Confuse                  Hex            #####...     1%          3    None
 Dazzling Spray           Conj/Hex       ######       1%          3    None
 Inner Flame              Hex/Fire       ####....     1%          3    None
 Portal Projectile        Hex/Tloc       ####..       1%          3    None
 Static Discharge         Conj/Air       ######..     1%          3    None
 Airstrike                Air            #####.....   1%          4    None
 Cause Fear               Hex            #####.....   1%          4    None
 Force Lance              Conj/Tloc      #####...     1%          4    None
 Fulminant Prism          Conj/Hex       ######....   1%          4    None
 Iskenderun's Mystic Bla  Conj           ######..     1%          4    None
 Iskenderun's Battlesphe  Conj/Chrm      ######..     1%          5    ###....
 Metabolic Englaciation   Hex/Ice        #####.....   1%          5    ###....
 Animate Skeleton         Necr           N/A          2%          1    None
 Apportation              Tloc           ##....       2%          1    None
 Pain                     Necr           ##..         2%          1    None
 Summon Small Mammal      Summ           ##..         2%          1    None
 Leda's Liquefaction      Hex/Erth       ####......   2%          4    None
 Bolt of Cold             Conj/Ice       ######....   2%          6    #####..
 Ice Form                 Ice/Tmut       ####....     4%          4    None
 Gell's Gravitas          Tloc           ##........   9%          3    None
 Lesser Beckoning         Tloc           ##........   9%          3    None
 Teleport Other           Tloc           ##......     9%          3    None
 Vampiric Draining        Necr           ##........   9%          3    None
 Ozocubu's Refrigeration  Ice            #####.....   12%         6    #####..
 Animate Dead             Necr           N/A          30%         4    None
 Passage of Golubria      Tloc           N/A          30%         4    None
 Simulacrum               Ice/Necr       ####......   58%         6    #####..


Dungeon Overview and Level Annotations

Branches:
Dungeon (15/15)            Temple (1/1) D:5            Lair (6/6) D:10
  Swamp (0/4) Lair:3       Spider (4/4) Lair:2        Slime (0/5) Lair:5
    Orc (2/2) D:10            Elf (0/3) Orc:2        Vaults (1/5) D:14
 Depths (1/5) D:15

Altars:
Ashenzari
Cheibriados
Dithmenos
Elyvilon
Fedhas
Gozag
Hepliaklqana
Kikubaaqudgha
Makhleb
Nemelex Xobeh
Okawaru
Qazlal
Ru
Sif Muna
Trog
Uskayaw
Vehumet
Wu Jian
Xom
Yredelemnul
Zin
The Shining One
Jiyva

Shops:
Orc:2 (*!=

Portals:
Hell: Lair:6

Annotations:
Lair:4 1 runed translucent door, feelmyfire's ghost, adept TrWr


Innate Abilities, Weirdness & Mutations

You can breathe blasts of scalding, opaque steam.
Your pale cyan-grey scales are hard. (AC +10)
You cannot fit into any form of body armour.
You are cold-blooded and may be slowed by cold attacks.
Your large and strong wings let you fly indefinitely.
You have sharp fingernails.
Your spells are a little easier to cast, but a little less powerful.


Message History

Okay, then.
You feel better.
The deep elf knight gestures at you while chanting.
The shard of ice reflects off an invisible shield around you!
The deep elf knight blocks the shard of ice.
The fire elemental completely misses you.
The yaktaur unwields a +0 arbalest.
The yaktaur misses you.
You riposte.
You slice the yaktaur!!
The yaktaur is severely wounded.
You block the yaktaur's attack. You block the cyclops's attack.
The yaktaur misses you. The yaktaur closely misses you.
Unknown command.
You slice the yaktaur!!
You kill the yaktaur!
The fire elemental misses you.
You riposte.
You completely miss the fire elemental. You tail-slap the fire elemental.
The fire elemental is severely damaged.
The deep elf knight casts a spell at you.
The shard of ice hits you!!!
You feel a painful chill!
You die...

#......#..###'####### ,
#...(..#..#..........
*,,#......#..#..........
* ∆#......#.)#..........
* ,#(.....#))#....>.....
, #..)...#.††..........
, #.÷)))(#.∆#....).....
#+####C)####+#.......(..
#..§°°E@c(..(###########
#.....ecc....# *
#............#
#.e....).....# *
#######)###### ** * *.p#
* * * ,∆ *#..# * ∆∆∆* *,
, ,* .... { * ,
,,{*#.(p.* { ,,* *


You could see a death knight, a deep elf knight, a cyclops, 3 yaktaurs, a deep
elf mage and a fire elemental.

Vanquished Creatures
  Gastronok (D:8)
  Donald (Orc:2)
  3 vault wardens (Vaults:1)
  2 frost giants
  2 ghost moths (Spider:4)
  6 emperor scorpions
  An ironheart preserver (Vaults:1)
  3 entropy weavers
  A minotaur (Gauntlet)
  3 dire elephants
  2 spark wasps (Spider:4)
  The ghost of Sassenached the Fighter, a journeyman DsNe of Kikubaaqudgha (D:11)
  An ettin (Orc:1)
  Snorg (Orc:2)
  3 ogre magi
  5 hydras
  Harold (Lair:1)
  11 vault guards
  2 rakshasas (Vaults:1)
  A centaur warrior (D:13)
  A death knight (D:15)
  2 tengu warriors (D:15)
  3 catoblepae
  A queen ant (D:10)
  7 death yaks
  18 two-headed ogres
  Nergalle (D:10)
  A sun demon (Lair:6)
  Sonja (D:12)
  3 unseen horrors
  A deep elf archer (Vaults:1)
  5 wizards
  3 deep trolls
  2 ironbrand convokers (Vaults:1)
  4 ugly things
  5 orc knights
  5 oklob plants
  3 deep elf magi
  17 orb spiders
  An orc sorcerer (Orc:2)
  4 cyclopes
  4 manticores
  2 moths of wrath
  40 wolf spiders
  Maurice (D:8)
  4 black mambas
  Joseph (D:8)
  A smoke demon (Lair:6)
  17 elephants
  5 vault sentinels (Vaults:1)
  2 centaur zombies
  An ice statue (IceCv)
  2 gargoyles (D:15)
  2 torpor snails
  11 spiny frogs
  2 orange demons (Lair:6)
  A freezing wraith (Vaults:1)
  9 komodo dragons
  6 yaktaurs (Vaults:1)
  3 kobold demonologists
  A yaktaur (shapeshifter) (Vaults:1)
  5 rime drakes
  5 ice devils
  13 demonic crawlers
  12 trolls
  13 polar bears (IceCv)
  A wolf spider simulacrum (D:13)
  A merfolk (D:15)
  29 jumping spiders
  14 slime creatures
  7 hornets
  A centaur simulacrum (D:13)
  8 hippogriffs
  82 redbacks
  29 tarantellas
  A spriggan (D:8)
  6 wyverns
  3 wraiths
  A shadow (D:13)
  62 yaks
  Grum (D:8)
  4 hungry ghosts
  7 basilisks
  2 vampire mosquitoes (D:15)
  3 wargs
  A steam dragon (Lair:4)
  12 water moccasins
  7 soldier ants (D:10)
  8 acid dragons
  7 swamp worms (D:11)
  5 hell hounds (Lair:6)
  8 porcupines
  A black bear (D:11)
  21 orc warriors
  A meliai simulacrum (D:13)
  An eye of draining (D:13)
  4 ice beasts
  A phantom (D:12)
  7 sky beasts
  26 ogres
  35 wolves
  3 boggarts (Vaults:1)
  13 crocodiles
  9 centaurs
  9 big kobolds
  11 bullfrogs
  3 wyvern skeletons
  2 scorpions
  3 killer bees (D:10)
  5 howler monkeys
  An electric eel (Spider:2)
  6 crimson imps
  A quasit (D:14)
  A bullfrog zombie (D:12)
  29 orc wizards
  8 hounds
  5 centaur skeletons
  15 orc priests
  2 bullfrog skeletons
  9 jellies
  4 iguanas
  2 hell rats (Lair:5)
  37 worker ants
  A killer bee zombie (D:6)
  A hound zombie (D:10)
  A howler monkey zombie (D:5)
  4 gnolls (D:2)
  12 adders
  8 river rats (Lair:5)
  3 shadow imps
  3 white imps (D:13)
  An ufetubus (D:13)
  An ooze (D:2)
  An adder skeleton (D:6)
  3 worms
  A dart slug (D:1)
  2 leopard geckos
  82 orcs
  3 giant cockroaches
  11 goblins
  10 hobgoblins
  11 jackals
  3 quokkas
  2 ball pythons
  11 bats
  7 frilled lizards
  A jackal zombie (D:7)
  24 kobolds
  A leopard gecko skeleton (D:9)
  11 rats
  A fungus (Lair:2)
  4 plants
1111 creatures vanquished.

Vanquished Creatures (others)
  A stone giant (Vaults:1)
  Nessos (Orc:2)
  An ogre mage (Orc:2)
  A yaktaur (Vaults:1)
  A demonic plant (Gauntlet)
  3 fungi (Lair:4)
  14 plants
22 creatures vanquished.

Grand Total: 1133 creatures vanquished

Notes
Turn   | Place    | Note
-------+----------+-------------------------------------------
     0 | D:1      | KristoblXynda the Draconian Gladiator began the quest for
                  | the Orb.
     0 | D:1      | Reached XP level 1. HP: 17/17 MP: 1/1
   166 | D:1      | Reached XP level 2. HP: 24/24 MP: 2/2
   716 | D:2      | Reached XP level 3. HP: 22/30 MP: 3/3
   879 | D:2      | Reached skill level 4 in Long Blades
  1016 | D:2      | Reached XP level 4. HP: 35/37 MP: 4/4
  1767 | D:3      | Reached XP level 5. HP: 24/45 MP: 5/5
  2213 | D:3      | Noticed a moth of wrath
  2216 | D:3      | Found a bloodstained altar of Trog.
  2395 | D:3      | Reached skill level 5 in Long Blades
  2652 | D:4      | Reached XP level 6. HP: 25/52 MP: 6/6
  3328 | D:5      | Entered Level 5 of the Dungeon
  3337 | D:5      | Found an ornate altar of the Wu Jian Council.
  3482 | D:5      | Reached skill level 6 in Long Blades
  3642 | D:5      | Your scales start taking on a pale cyan-grey colour.
  3642 | D:5      | Reached XP level 7. HP: 47/60 MP: 7/7
  3769 | D:5      | Found a staircase to the Ecumenical Temple.
  3785 | Temple   | Entered the Ecumenical Temple
  3803 | Temple   | Became a worshipper of Ashenzari the Shackled
  4168 | D:5      | Found an opulent altar of Gozag.
  4173 | D:5      | Found a glowing silver altar of Zin.
  4173 | D:5      | Found a white marble altar of Elyvilon.
  4173 | D:5      | Found a hide-covered altar of Uskayaw.
  4174 | D:5      | Found a snail-covered altar of Cheibriados.
  4177 | D:5      | Found a basalt altar of Yredelemnul.
  4178 | D:5      | Found a hazy altar of Hepliaklqana.
  4229 | D:6      | Found a deep blue altar of Sif Muna.
  4230 | D:6      | Found an ancient bone altar of Kikubaaqudgha.
  4230 | D:6      | Found a stormy altar of Qazlal.
  4649 | D:6      | Reached skill level 5 in Fighting
  4773 | D:6      | Reached skill level 7 in Long Blades
  4887 | D:6      | Found a sacrificial altar of Ru.
  5159 | D:7      | Reached skill level 1 in Evocations
  5223 | D:7      | Reached XP level 8. HP: 68/68 MP: 8/8
  5234 | D:7      | Reached skill level 5 in Dodging
  5325 | D:7      | Reached skill level 8 in Long Blades
  5358 | D:7      | Got the cursed pair of gloves of Autumn {rElec rPois rF-
                  | Int-2}
  5365 | D:7      | Identified the cursed -1 pair of gloves of Autumn {rElec
                  | rPois rF- Int-2} (You found it on level 7 of the Dungeon)
  5457 | D:7      | Found a shimmering altar of Xom.
  5654 | D:7      | Reached XP level 9. HP: 67/74 MP: 11/11
  5714 | D:7      | Reached skill level 9 in Long Blades
  6066 | D:7      | Got the uncursed buckler "Xauss" {rN+ Int+2}
  6073 | D:7      | Identified the +1 buckler "Xauss" {rN+ Int+2} (You found it
                  | on level 7 of the Dungeon)
  6310 | D:7      | Reached skill level 1 in Shields
  6410 | D:7      | Killed an unseen horror
  6690 | D:8      | Noticed Gastronok
  6712 | D:8      | Reached skill level 10 in Long Blades
  6731 | D:8      | Killed Gastronok
  6731 | D:8      | Reached skill level 11 in Long Blades
  6731 | D:8      | Reached XP level 10. HP: 52/81 MP: 13/13
  6984 | D:8      | Noticed Grum
  6995 | D:8      | Killed Grum
  7324 | D:8      | Noticed Joseph
  7341 | D:8      | Killed Joseph
  7349 | D:8      | Learned a level 2 spell: Swiftness
  7577 | D:8      | Found a stormy altar of Qazlal.
  7579 | D:8      | Noticed Maurice
  7592 | D:8      | Killed Maurice
  7592 | D:8      | Reached skill level 5 in Shields
  7617 | D:8      | Identified a scroll of acquirement
  7618 | D:8      | Found the cursed +3 pair of gauntlets of War {Slay+5}
  7690 | D:8      | Reached * piety under Ashenzari
  8757 | D:10     | Entered Level 10 of the Dungeon
  8760 | D:10     | Noticed Nergalle
  8911 | D:10     | Reached skill level 5 in Evocations
  8920 | D:10     | Reached XP level 11. HP: 89/91 MP: 14/14
  9168 | D:10     | Found a staircase to the Orcish Mines.
  9241 | D:10     | Noticed a queen ant
  9261 | D:10     | Killed a queen ant
  9276 | D:10     | Killed Nergalle
  9286 | D:10     | Reached skill level 12 in Long Blades
  9723 | D:10     | Found a staircase to the Lair.
 10053 | D:11     | Found a flagged portal.
 10065 | Bailey   | Entered a bailey
 10202 | Bailey   | Reached ** piety under Ashenzari
 10232 | Bailey   | Found an iron altar of Okawaru.
 10810 | D:11     | Reached skill level 1 in Spellcasting
 11290 | D:11     | Found a runed translucent gate.
 11290 | D:11     | Found a runed translucent gate.
 11290 | D:11     | Found a runed translucent gate.
 11291 | D:11     | Noticed Sassenached's ghost (journeyman DsNe)
 11291 | D:11     | Identified the +3 whip "Oquroith" {venom, +Rage rF+}
 11337 | D:11     | Noticed a two-headed ogre
 11352 | D:11     | Killed a two-headed ogre
 11971 | D:11     | Killed Sassenached's ghost
 11971 | D:11     | Reached XP level 12. HP: 14/101 MP: 17/17
 12386 | D:12     | Noticed Sonja
 12390 | D:12     | Killed Sonja
 12609 | D:12     | Gained mutation: Scrolls take you a little longer to read.
                  | [a neqoxec]
 12758 | D:12     | Noticed a two-headed ogre
 12769 | D:12     | Killed a two-headed ogre
 12972 | D:12     | Found a snail-covered altar of Cheibriados.
 13535 | D:12     | Reached *** piety under Ashenzari
 13551 | D:12     | Reached skill level 10 in Dodging
 14052 | D:13     | Noticed a centaur warrior
 14077 | D:13     | Killed a centaur warrior
 14077 | D:13     | Reached skill level 13 in Long Blades
 14202 | D:13     | Noticed a catoblepas
 14220 | D:13     | Killed a catoblepas
 14445 | D:13     | Noticed a death yak
 14460 | D:13     | Killed a death yak
 14460 | D:13     | Reached skill level 5 in Spellcasting
 14592 | D:13     | Identified the +1 helmet of Wu Jian's Generosity {+Blink
                  | MR+ Str-2 Dex+3}
 15491 | D:14     | Noticed a two-headed ogre
 15497 | D:14     | Killed a two-headed ogre
 15497 | D:14     | Reached XP level 13. HP: 84/111 MP: 21/21
 15629 | D:14     | Found a gate to the Vaults.
 15649 | D:14     | Reached skill level 10 in Evocations
 16066 | D:14     | Reached XP level 14. HP: 119/119 MP: 22/25
 16325 | D:14     | Reached **** piety under Ashenzari
 16365 | D:14     | Reached skill level 1 in Charms
 16465 | D:13     | Reached skill level 10 in Fighting
 17212 | D:15     | Entered Level 15 of the Dungeon
 17832 | D:15     | Learned a level 5 spell: Lightning Bolt
 17833 | D:15     | Found a shattered altar of Ashenzari.
 18403 | D:15     | Reached skill level 14 in Long Blades
 19699 | D:15     | Reached skill level 1 in Stealth
 20262 | D:15     | Found a staircase to the Depths.
 21149 | Depths:1 | Entered Level 1 of the Depths
 21151 | Depths:1 | Noticed a tengu reaver
 21288 | Lair:1   | Entered Level 1 of the Lair of Beasts
 21308 | Lair:1   | Reached skill level 5 in Conjurations
 21432 | Lair:1   | Found a frozen archway.
 21603 | IceCv    | Entered an ice cave
 22348 | IceCv    | Reached XP level 15. HP: 107/127 MP: 27/27
 23153 | IceCv    | Noticed a frost giant
 23165 | IceCv    | Killed a frost giant
 23175 | IceCv    | Reached skill level 5 in Charms
 23465 | Lair:1   | Noticed Harold
 23480 | Lair:1   | Killed Harold
 24192 | Lair:2   | Found a hole to the Spider Nest.
 24825 | Lair:3   | Found a gate leading to a gauntlet.
 24841 | Gauntlet | Entered a Gauntlet
 24841 | Gauntlet | Found a transporter.
 24841 | Gauntlet | Found a transporter.
 24843 | Gauntlet | Found a transporter.
 24844 | Gauntlet | Found a transporter.
 24847 | Gauntlet | Found a transporter.
 24847 | Gauntlet | Found a transporter.
 24877 | Gauntlet | Found a transporter.
 24881 | Gauntlet | Found a transporter.
 24896 | Gauntlet | Found a transporter.
 24897 | Gauntlet | Identified the amulet "Caomihef" {Reflect Slay+3 SH+4}
 24912 | Gauntlet | Identified the cursed +0 helmet "Yjiawne" {rC+ Int+4}
 24912 | Gauntlet | Found a runed translucent door.
 24913 | Gauntlet | Found a transporter.
 24914 | Gauntlet | Found a runed translucent door.
 24927 | Gauntlet | Found a transporter.
 24931 | Gauntlet | Found a transporter.
 25577 | Gauntlet | Identified the ring "Aplits" {*Tele rF+ MR+ Slay+6}
 25995 | Lair:3   | Reached skill level 5 in Stealth
 26250 | Lair:3   | Reached ***** piety under Ashenzari
 26280 | Lair:3   | Found a staircase to the Swamp.
 26288 | Lair:3   | Lost mutation: Scrolls take you a little longer to read.
                  | [potion of mutation]
 26288 | Lair:3   | Gained mutation: Scrolls take you a little longer to read.
                  | [potion of mutation]
 26288 | Lair:3   | Gained mutation: You have sharp fingernails. [potion of
                  | mutation]
 26293 | Lair:3   | Lost mutation: Scrolls take you a little longer to read.
                  | [potion of mutation]
 26293 | Lair:3   | Gained mutation: Your spells are a little easier to cast,
                  | but a little less powerful. [potion of mutation]
 26293 | Lair:3   | Gained mutation: Your large and strong wings let you fly
                  | indefinitely. [potion of mutation]
 27358 | Lair:4   | Found a runed translucent door.
 27359 | Lair:4   | Noticed feelmyfire's ghost (adept TrWr)
 27629 | Lair:4   | Learned a level 2 spell: Blink
 28474 | Lair:4   | Identified the +6 spear of the Dead {flame, *Noise Str+3
                  | Int+6}
 28820 | Lair:1   | Learned a level 3 spell: Tukima's Dance
 28876 | Orc:1    | Entered Level 1 of the Orcish Mines
 28881 | Orc:1    | Reached skill level 10 in Spellcasting
 28892 | Orc:1    | Found Jaimum's Book Shoppe.
 28979 | Orc:1    | Found a burning altar of Makhleb.
 29098 | Orc:2    | Entered Level 2 of the Orcish Mines
 29106 | Orc:2    | Noticed Snorg
 29107 | Orc:2    | Noticed Donald
 29149 | Orc:2    | Killed Snorg
 29149 | Orc:2    | Reached skill level 1 in Hexes
 29161 | Orc:2    | Killed Donald
 29206 | Orc:2    | Reached XP level 16. HP: 54/137 MP: 17/30
 29303 | Orc:2    | Found a flickering gateway to a bazaar.
 29315 | Orc:2    | Found Jexzol's General Store.
 29324 | Bazaar   | Entered a bazaar
 29554 | Bazaar   | Found Eja Pot's Armour Shoppe.
 29558 | Bazaar   | Bought the +2 pair of boots "Jataku" {rC- MR+++ Str+4
                  | Int+3} for 484 gold pieces
 29600 | Bazaar   | Found Ogon's Antique Weapon Boutique.
 29617 | Bazaar   | Found Kieck's Book Shoppe.
 29622 | Bazaar   | Bought a book of Necromancy for 360 gold pieces
 29730 | Orc:2    | Noticed Nessos
 30055 | Orc:1    | Found a burning altar of Makhleb.
 30951 | Orc:2    | Found Gucew's Jewellery Shoppe.
 30957 | Orc:2    | Found Ceofiuhao's Distillery.
 30974 | Orc:2    | Killed Nessos
 31227 | Orc:2    | Found Ockuum's Weapon Shop.
 31237 | Orc:2    | Bought a potion of agility for 56 gold pieces
 31242 | Orc:2    | Bought the +8 autumn katana {slice, Clar} for 860 gold
                  | pieces
 31242 | Orc:2    | Found the +8 autumn katana {slice, Clar}
 31303 | Orc:2    | Found a staircase to the Elven Halls.
 31872 | Lair:5   | Identified the ring of Nacizxin {Wiz Dex+5}
 32255 | Lair:5   | Identified the cursed +0 cloak "Ubokuer" {rCorr SInv}
 32610 | Lair:5   | Found a staircase to the Slime Pits.
 32611 | Lair:5   | Found a viscous altar of Jiyva.
 32708 | Lair:5   | Learned a level 3 spell: Regeneration
 33164 | Lair:5   | Reached ****** piety under Ashenzari
 33410 | Lair:6   | Entered Level 6 of the Lair of Beasts
 33595 | Lair:6   | Identified the +9 flail "Ymmaed" {pain, rC+ MR+}
 34242 | Lair:6   | Found a burning altar of Makhleb.
 34269 | Lair:6   | Found a gateway to Hell.
 34276 | Lair:6   | Identified Ymietiru's Guide on Good Luck
 34961 | Spider:1 | Entered Level 1 of the Spider Nest
 35783 | Spider:1 | Reached skill level 5 in Hexes
 36686 | Spider:2 | Reached skill level 10 in Conjurations
 36940 | Spider:2 | Reached XP level 17. HP: 144/144 MP: 32/32
 37235 | Spider:2 | Learned a level 6 spell: Freezing Cloud
 39589 | Spider:4 | Entered Level 4 of the Spider Nest
 41119 | Spider:4 | Reached skill level 1 in Ice Magic
 41764 | Spider:4 | Got a gossamer rune of Zot
 42146 | Vaults:1 | Entered Level 1 of the Vaults
 42185 | Vaults:1 | Reached XP level 18. HP: 147/156 MP: 34/34
 42965 | Vaults:1 | Reached skill level 5 in Ice Magic
 43057 | Vaults:1 | Killed from afar by a deep elf knight

Levels and vault maps discovered:
D:1:      erik_arrival_cave_to_civilisation [erik_arrival_cave_to_hall],
          layout_basic
D:2:      layout_rooms, chequers_big_river
D:3:      layout_basic, grunt_ministairs_13, tgw_trog
D:4:      layout_rooms, nicolae_ossuary_entry_plus
D:5:      layout_basic, lemuel_round_altar, minitemple,
          minmay_temple_entry_statues, first_ration
D:6:      layout_basic, nicolae_ru_sacrificial_ziggurat,
          grunt_temple_overflow_open
D:7:      minmay_the_grid_plus [minmay_the_grid_slots,
          minmay_the_grid_minigrid_large, minmay_the_grid_paths,
          minmay_the_grid_box_x, minmay_the_grid_prize_inner_circle],
          layout_cave_pools, nicolae_overflow_crystal_walls
D:8:      layout_loops_ring, the_bakery, nicolae_qazlal_style_of_elements,
          uniq_maurice, uniq_grum, uniq_gastronok, uniq_joseph
D:9:      layout_irregular_city, st_stairs_1
D:10:     layout_roguey, dpeg_oklobed_lair, orc_0_dummy, zaba_antful_of_joy,
          uniq_nergalle
D:11:     layout_basic, enter_bailey_6, gammafunk_ghost_nasty_kobolds,
          worms_lemuel
D:12:     layout_grid_maze, special_room [special_room_orc], basic_altar,
          grunt_decor_cap, uniq_sonja
D:13:     layout_small_grid, serial_ice, serial_ice_c, serial_ice_m,
          serial_ice_n, serial_ice_l, serial_ice_b, serial_ice_a,
          kennysheep_dice
D:14:     layout_roguey, erik_vaults_2, serial_bayou_pond_a
D:15:     hangedman_depths_entry_try_elsewhere_first, layout_layer_cave,
          basic_altar, minmay_misc_feat_tower
Temple:   compressed_dpeg_triangle_lava_temple
Lair:1:   layout_roguey, portal_ice_cave_demonic_guard,
          chequers_serial_rivers_micro_e, grunt_megastairs_1, uniq_harold
Lair:2:   layout_big_grid, spider_nest_entry_webs
Lair:3:   layout_cave_pods, swamp_mist, gauntlet_entry_generic,
          serial_bayou_pond_b, serial_bayou_lagoon_a,
          chequers_serial_rivers_large_b, lemuel_old_faithful,
          lemuel_fruit_fields
Lair:4:   layout_cave_pods, ebering_ghost_funeral_grove
Lair:5:   layout_layer_cave, slime_altar_1, kennysheep_rathole,
          minmay_lair_oklob_chamber, grunt_megastairs_3
Lair:6:   evil_forest, layout_hall_layers
Spider:1: layout_chambers
Spider:2: layout_spider_delve
Spider:3: layout_chambers
Spider:4: grunt_spider_rune_parallel
Orc:1:    layout_caves, serial_shops, shop, basic_altar, bloody_makhleb
Orc:2:    st_orc_open, layout_caves, serial_shops, bzr_entry_dummy, uniq_snorg,
          uniq_donald, uniq_nessos
Vaults:1: vaults_standard_mumra_enter_the_diamond, st_eye, v_misc_22,
          nicolae_vaults_three_branches, serial_ice_g, v_rooms_6, v_rooms_4,
          hangedman_vaults_locks, v_misc_31, vaults_dpeg_cross,
          ontoclasm_vaults_loading_screen, serial_ice_h,
          layout_vaults_omnicross, uniq_asterion
Depths:1: layout_cave_pools, hangedman_decor_diamond_cutter, serial_shops, shop,
          hell_entry, grunt_pan_entry_zigzag, nemelex_diamond_rough_becter

Skill      XL: |  1  2  3  4  5  6  7  8  9 10 11 12 13 14 15 16 17 18 |
---------------+-------------------------------------------------------+-----
Throwing       | 2 |  2.0
Dodging        | 3 4 6 7 8 9 10 | 10.0
Long Blades    | 4 5 6 7 8 11 12 13 14 | 14.0
Fighting       | 3 4 5 6 8 9 10 11 12 13 | 13.2
Evocations     | 1 3 4 5 7 9 10 11 12 | 12.7
Shields        | 4 5 6 8 |  8.9
Spellcasting   | 2 5 7 8 10 11 12 | 12.7
Conjurations   | 3 5 8 10 11 12 | 12.0
Air Magic      | 4 |  4.0
Charms         | 4 5 |  5.3
Stealth        | 2 5 |  5.3
Hexes          | 2 5 6 |  6.9
Ice Magic      | 3 5 |  5.1

Action                   |  1- 3 |  4- 6 |  7- 9 | 10-12 | 13-15 | 16-18 || total
-------------------------+-------+-------+-------+-------+-------+-------++-------
Melee: Long sword        |    83 |   227 |    32 |       |       |       ||   342
       Tailslap          |    10 |    31 |    37 |   102 |   185 |   159 ||   524
       Scimitar          |       |       |   167 |   579 |   865 |   103 ||  1714
       Katana            |       |       |       |       |       |   787 ||   787
Throw: Throwing net      |       |       |     1 |       |       |       ||     1
 Cast: Lightning Bolt    |       |       |       |       |     9 |     7 ||    16
       Tukima's Dance    |       |       |       |       |       |     3 ||     3
       Regeneration      |       |       |       |       |       |    13 ||    13
       Blink             |       |       |       |       |       |     1 ||     1
       Freezing Cloud    |       |       |       |       |       |     2 ||     2
Invok: Curse Item        |       |       |     1 |     1 |     4 |     3 ||     9
 Abil: Breathe Steam     |       |       |    22 |    70 |    88 |    67 ||   247
Evoke: Wand              |       |       |     3 |     2 |    10 |     5 ||    20
       Lightning rod     |       |       |       |     2 |     8 |     7 ||    17
       Lamp of fire      |       |       |       |     1 |     2 |     1 ||     4
       Fan of gales      |       |       |       |       |       |     2 ||     2
  Use: Scroll            |       |     9 |     3 |    11 |    10 |    15 ||    48
       Potion            |       |     2 |       |     4 |     6 |     5 ||    17
 Stab: Sleeping          |       |       |       |       |     6 |    18 ||    24
       Petrified         |       |       |       |       |     1 |       ||     1
       Distracted        |       |       |       |       |     1 |     4 ||     5
  Eat: Chunk             |       |     9 |     8 |    13 |    17 |    11 ||    58
       Ration            |       |       |     2 |     6 |    13 |    12 ||    33
Armor: Skin              |    29 |    78 |    66 |   149 |   273 |   260 ||   855
Dodge: Dodged            |    92 |   157 |   132 |   336 |   595 |   622 ||  1934
Block: Buckler           |       |       |    11 |   151 |   309 |   470 ||   941
       Reflection        |       |       |       |       |     2 |    20 ||    22
       Rpst.: Long sword |    27 |    55 |     4 |       |       |       ||    86
       Scimitar          |       |       |    38 |    97 |   122 |    16 ||   273
       Katana            |       |       |       |       |       |   116 ||   116

Table legend:
 A = Non-vault XP
 B = Vault XP
 C = Vault XP percentage of total XP
 D = Non-vault monster count
 E = Vault monster count
 F = Vault count percentage of total count
                 A         B        C        D         E       F
            +---------+---------+-------+---------+---------+-------
      Total |  165969 |  127959 |  43.5 |     724 |     385 |  34.7
            +---------+---------+-------+---------+---------+-------
        D:1 |      24 |       4 |  14.3 |      14 |       2 |  12.5
        D:2 |     120 |       0 |   0.0 |      29 |       0 |   0.0
        D:3 |     142 |      13 |   8.4 |      27 |       7 |  20.6
        D:4 |     294 |       0 |   0.0 |      21 |       0 |   0.0
        D:5 |     197 |       0 |   0.0 |      10 |       0 |   0.0
        D:6 |     574 |       0 |   0.0 |      21 |       0 |   0.0
        D:7 |    1042 |    1672 |  61.6 |      25 |      12 |  32.4
        D:8 |     726 |    3979 |  84.6 |      14 |       8 |  36.4
        D:9 |    1098 |      78 |   6.6 |      35 |       2 |   5.4
       D:10 |    2349 |    3611 |  60.6 |      24 |      33 |  57.9
       D:11 |    2156 |    3460 |  61.6 |      18 |      17 |  48.6
       D:12 |    4664 |    2243 |  32.5 |      17 |      28 |  62.2
       D:13 |    5939 |    4112 |  40.9 |      23 |      15 |  39.5
       D:14 |    6854 |    7917 |  53.6 |      22 |       8 |  26.7
       D:15 |   11315 |    1818 |  13.8 |      36 |       3 |   7.7
     Lair:1 |    1281 |    2113 |  62.3 |       5 |       5 |  50.0
     Lair:2 |    2922 |     670 |  18.7 |      13 |       3 |  18.8
     Lair:3 |    6988 |     834 |  10.7 |      22 |       3 |  12.0
     Lair:4 |   12322 |       0 |   0.0 |      38 |       0 |   0.0
     Lair:5 |    6732 |    3701 |  35.5 |      27 |      21 |  43.8
     Lair:6 |    6658 |   11654 |  63.6 |      26 |      26 |  50.0
   Spider:1 |   12514 |       0 |   0.0 |      33 |       0 |   0.0
   Spider:2 |   17297 |       0 |   0.0 |      47 |       0 |   0.0
   Spider:3 |   10721 |       0 |   0.0 |      30 |       0 |   0.0
   Spider:4 |   25281 |   23941 |  48.6 |      67 |      50 |  42.7
      Orc:1 |    3873 |    2543 |  39.6 |      26 |       8 |  23.5
      Orc:2 |    2919 |   16482 |  85.0 |      22 |      31 |  58.5
   Vaults:1 |   18851 |   19132 |  50.4 |      31 |      24 |  43.6
   Depths:1 |     116 |       0 |   0.0 |       1 |       0 |   0.0
     Bailey |       0 |     422 | 100.0 |       0 |      16 | 100.0
      IceCv |       0 |   13160 | 100.0 |       0 |      54 | 100.0
   Gauntlet |       0 |    4400 | 100.0 |       0 |       9 | 100.0
            +---------+---------+-------+---------+---------+-------
